 Dungeon Crawl Stone Soup version 0.23-a0-448-g1c01f63 (webtiles) character file.

188 Umoon the Skirmisher (level 5, -6/33 HPs)
             Began as a Gargoyle Monk on Nov 21, 2018.
             Was an Initiate of Dithmenos.
             Mangled by an ogre
             ... wielding a +0 giant club
              (12 damage)
             ... on level 4 of the Dungeon.
             The game lasted 00:04:29 (3023 turns).

Umoon the Skirmisher (Gargoyle Monk)                Turns: 3023, Time: 00:04:30

Health: -6/33      AC: 12    Str: 15    XL:     5   Next: 67%
Magic:  5/5        EV: 11    Int: 11    God:    Dithmenos [......]
Gold:   142        SH:  0    Dex: 12    Spells: 4/4 levels left

rFire    . . .     SeeInvis +   v - -3 spear (curse)
rCold    . . .     Gourm    .   (no shield)
rNeg     + . .     Faith    .   t - +0 ring mail
rPois    ∞         Spirit   .   e - +1 helmet
rElec    +         Reflect  .   (no cloak)
rCorr    .         Harm     .   A - +0 pair of gloves (curse)
MR       .....                  (no boots)
Stlth    ++........             (no amulet)
HPRegen  0.11/turn              (no ring)
MPRegen  0.09/turn              u - ring of see invisible

@: very slow
A: negative energy resistance 1, electricity resistance, unbreathing,
petrification resistance, rot immunity, AC +4
a: Renounce Religion


You were on level 4 of the Dungeon.
You worshipped Dithmenos.
Dithmenos was noncommittal.
You were not hungry.

You visited 1 branch of the dungeon, and saw 4 of its levels.

You collected 142 gold pieces.

Inventory:

Hand Weapons
 a - a +0 hand axe
 v - a cursed -3 spear (weapon)
Armour
 b - a +0 robe
 e - a +1 helmet (worn)
 t - a +0 ring mail (worn)
 A - a cursed +0 pair of gloves (worn)
Jewellery
 q - an uncursed ring of ice
 u - a ring of see invisible (right hand)
 y - an uncursed ring of ice
Scrolls
 h - a scroll of blinking {unknown}
 i - a scroll of amnesia {unknown}
 k - a scroll of noise {unknown}
 l - a scroll of teleportation {unknown}
 m - a scroll of enchant armour
 o - a scroll of enchant weapon {unknown}
 s - 2 scrolls of remove curse
 w - 2 scrolls of immolation {unknown}
 x - a scroll of random uselessness {unknown}
Potions
 d - a potion of degeneration {unknown}
 f - a potion of curing {unknown}
 g - 2 potions of cancellation {unknown}
 j - a potion of heal wounds {unknown}
 n - a potion of brilliance {unknown}
 p - a potion of agility
 r - 3 potions of mutation {unknown}
Comestibles
 c - 9 rations
 z - a chunk of flesh


   Skills:
 + Level 4.1 Fighting
 + Level 3.3 Axes
 + Level 2.1 Armour
 - Level 3.0 Dodging
 * Level 4.1 Stealth


You had 4 spell levels left.
You didn't know any spells.
Your spell library was empty.

Dungeon Overview and Level Annotations

Branches:
Dungeon (4/15)
 Temple: D:4-7

Altars:
Cheibriados
Dithmenos
Makhleb
Sif Muna
Trog

Annotations:
D:3 3 runed doors, Snicker's ghost, amateur DsAs; tatocazan's ghost, amateur GrFi


Innate Abilities, Weirdness & Mutations

You are resistant to torment.
Your stone body is resilient. (AC +4)
You are immune to poison.
You resist negative energy. (rN+)
You are resistant to electric shocks. (rElec)
You can survive without breathing.
You are immune to petrification.
You are immune to rotting.


Message History

You are too injured to fight recklessly!
You are too injured to fight recklessly!
You are too injured to fight recklessly!
You are too injured to fight recklessly!
You are too injured to fight recklessly!
You are too injured to fight recklessly!
You are too injured to fight recklessly!
You are too injured to fight recklessly!
You are too injured to fight recklessly!
You are too injured to fight recklessly!
You are too injured to fight recklessly!
You are too injured to fight recklessly!
You are too injured to fight recklessly!
You are too injured to fight recklessly!
Unknown command.
The ogre hits you with a +0 giant club.
* * * LOW HITPOINT WARNING * * *
The phantom hits you but does no damage.
The phantom blinks!
The ogre hits you with a +0 giant club!
You die...

.......########
...............
............... ##.
............... ...
............... ##..
#........
##..##########§.......
.....................
...#####...@O.##.....
#+#≈ #.# ##.######
#.... ≈.≈≈..#.# #..#
#.). ...>. #.#
##.####### ...
....###.###.........
##
.........#..........
....#...............
...#.>#.............
...#.#####..........


You could see an ogre.

Vanquished Creatures
  A bullfrog skeleton (D:4)
  2 worker ants (D:4)
  4 adders
  2 oozes (D:1)
  2 worms (D:2)
  4 dart slugs
  3 leopard geckos
  2 orcs (D:3)
  3 giant cockroaches
  8 goblins
  7 hobgoblins
  2 jackals (D:3)
  A quokka (D:2)
  2 bats (D:1)
  A frilled lizard (D:2)
  8 kobolds
  A quokka skeleton (D:4)
  2 rats (D:1)
55 creatures vanquished.

Vanquished Creatures (others)
  2 withered plants (D:3)
2 creatures vanquished.

Grand Total: 57 creatures vanquished

Notes
Turn   | Place    | Note
-------+----------+-------------------------------------------
     0 | D:1      | Umoon the Gargoyle Monk began the quest for the Orb.
     0 | D:1      | Reached XP level 1. HP: 14/14 MP: 1/1
    81 | D:1      | Reached XP level 2. HP: 12/19 MP: 2/2
   434 | D:1      | Reached skill level 1 in Armour
   532 | D:1      | Reached XP level 3. HP: 20/23 MP: 3/3
   895 | D:2      | Found a bloodstained altar of Trog.
   895 | D:2      | Found a faded altar of an unknown god.
   901 | D:2      | Found a faded altar of an unknown god.
   903 | D:2      | Found a burning altar of Makhleb.
   905 | D:2      | Found a deep blue altar of Sif Muna.
   931 | D:2      | Became a worshipper of Cheibriados the Contemplative
   931 | D:2      | Reached * piety under Cheibriados
   931 | D:2      | Reached ** piety under Cheibriados
  1158 | D:2      | Reached XP level 4. HP: 23/29 MP: 4/4
  1466 | D:2      | Reached *** piety under Cheibriados
  2145 | D:3      | Found a shadowy altar of Dithmenos.
  2153 | D:3      | Fell from the grace of Cheibriados
  2153 | D:3      | Became a worshipper of Dithmenos the Shadowed
  2290 | D:3      | Found a runed gate.
  2290 | D:3      | Found a runed gate.
  2293 | D:3      | Found a runed gate.
  2299 | D:3      | Noticed tatocazan's ghost (amateur GrFi)
  2300 | D:3      | Noticed Snicker's ghost (amateur DsAs)
  2740 | D:4      | Reached XP level 5. HP: 23/33 MP: 5/5
  3003 | D:4      | Noticed a phantom
  3003 | D:4      | Noticed an ogre
  3023 | D:4      | Mangled by an ogre

Vault maps used:
D:1:      minmay_arrival_nine_rooms
D:2:      chequers_temple_overflow_minitemple, first_ration,
          hangedman_decor_push, kennysheep_generic_room_12
D:3:      nicolae_dithmenos_shadow_blocks, gammafunk_ghost_cemetery
D:4:      kennysheep_mini_moat, minmay_temple_entry_fiery

Skill      XL: |  1  2  3  4  5 |
---------------+----------------+-----
Armour         | 1 2 |  2.1
Axes           | 3 |  3.3
Stealth        | 3 4 |  4.1
Fighting       | 4 |  4.1
Dodging        | 3 |  3.0

Action                   |  1- 3 |  4- 6 || total
-------------------------+-------+-------++-------
Melee: Hand axe          |   115 |    87 ||   202
       Spear             |       |    62 ||    62
  Use: Scroll            |       |     2 ||     2
 Stab: Sleeping          |     3 |     5 ||     8
  Eat: Chunk             |     1 |     5 ||     6
Armor: Robe              |    26 |     7 ||    33
       Ring mail         |       |    44 ||    44
Dodge: Dodged            |    65 |    90 ||   155

Table legend:
 A = Non-vault XP
 B = Vault XP
 C = Vault XP percentage of total XP
 D = Non-vault monster count
 E = Vault monster count
 F = Vault count percentage of total count
                 A         B        C        D         E       F
            +---------+---------+-------+---------+---------+-------
      Total |     268 |       1 |   0.4 |      54 |       1 |   1.8
            +---------+---------+-------+---------+---------+-------
        D:1 |      49 |       0 |   0.0 |      21 |       0 |   0.0
        D:2 |      75 |       1 |   1.3 |      16 |       1 |   5.9
        D:3 |      33 |       0 |   0.0 |      11 |       0 |   0.0
        D:4 |     111 |       0 |   0.0 |       6 |       0 |   0.0
            +---------+---------+-------+---------+---------+-------
